 Dungeon Crawl Stone Soup version 0.25.1-2-g60ff931df9 (webtiles) character file.

Game seed: 13081989882751924538

385 Peloso the Shield-Bearer (level 6, 53/53 HPs)
             Began as a Minotaur Fighter on Aug 15, 2020.
             Got out of the dungeon alive.
             The game lasted 00:07:02 (3798 turns).

Peloso the Shield-Bearer (Minotaur Fighter)         Turns: 3798, Time: 00:07:03

Health: 53/53      AC:  7    Str: 21    XL:     6   Next: 48%
Magic:  5/5        EV:  8    Int:  5    God:
Gold:   152        SH: 11    Dex: 11    Spells: 5/5 levels left

rFire    . . .     SeeInvis .   (no weapon)
rCold    . . .     Gourm    .   c - +1 kite shield
rNeg     . . .     Faith    .   g - +0 scale mail
rPois    .         Spirit   .   (helmet restricted)
rElec    .         Reflect  .   (no cloak)
rCorr    .         Harm     .   (no gloves)
MR       .....                  (no boots)
Stlth    ..........             (no amulet)
HPRegen  0.17/turn              i - ring of wizardry
MPRegen  0.09/turn              (no ring)

@: very slightly contaminated
A: retaliatory headbutt, horns 2, blurry vision 1
a: no special abilities


You escaped.
You were very hungry.

You visited 1 branch of the dungeon, and saw 3 of its levels.

You collected 152 gold pieces.

Inventory:

Hand Weapons
 a - a +0 long sword
Missiles
 u - 22 bolts
Armour
 c - a +1 kite shield (worn)
 g - a +0 scale mail (worn)
Jewellery
 i - a ring of wizardry (left hand)
 j - an uncursed ring of protection from fire
Scrolls
 e - a scroll of magic mapping {unknown}
 h - a scroll of enchant armour
 k - a scroll of immolation {unknown}
 m - a scroll of remove curse {unknown}
 o - a scroll of amnesia {unknown}
 r - a scroll of teleportation {unknown}
 s - a scroll of enchant weapon {unknown}
Potions
 d - a potion of might
 n - a potion of haste
 t - a potion of brilliance
Comestibles
 f - 11 rations


   Skills:
 + Level 4.6 Fighting
 + Level 5.0 Long Blades
 + Level 5.1 Armour
 + Level 1.7 Dodging
 + Level 5.4 Shields


You had 5 spell levels left.
You didn't know any spells.
Your spell library was empty.

Dungeon Overview and Level Annotations

Branches:
Dungeon (3/15)

Altars:
Trog
Wu Jian

Annotations:
D:2 2 transporters


Innate Abilities, Weirdness & Mutations

You reflexively headbutt those who attack you in melee.
You have a pair of horns on your head.
Scrolls take you a little longer to read.


Message History

22 stones; a +0 hunting sling
There is an escape hatch in the floor here.
There is a stone staircase leading up here.
You climb upwards.
Level annotation: 2 transporters
There is a stone staircase leading down here.
There is an open door here.
There is a stone staircase leading up here.
You climb upwards.
There is a stone staircase leading down here.
There is a staircase leading out of the dungeon here.
It was a potion of ambrosia.
You are confused.
You feel invigorated.
It was a potion of heal wounds.
You feel much better.
There is a staircase leading out of the dungeon here.
Are you sure you want to leave the Dungeon?
This will make you lose the game!
You feel less invigorated.
You feel less confused.
You have escaped!

###.##'####.####......# #
#.........# ###..#.####### #
#.....#.#########.#.#.....#
###.....#.#≈≈≈≈≈≈≈#.....###.#
..'.....#.#≈≈≈..≈≈#.....# #.#
###...).#.≈≈≈...≈.......# #.#####
# #.....#.≈≈≈..........(# #......
# #.....#.≈≈≈(..........# ######.
# #.....#.≈≈..≈.@......## #.
###.^...#.≈≈≈≈≈........# #.
........#.≈≈≈≈≈.....#### #.
...######.≈≈≈≈≈...[.############.
...# #.#≈≈≈≈.....#.........##.
...# #.#######...#.........'..
...# ####..........>#.........###
######....###########.........#
###.......#.....# #########.#


There were no monsters in sight!

Vanquished Creatures
  2 sky beasts (D:3)
  Robin (D:2)
  6 adders
  3 oozes
  5 worms
  3 dart slugs (D:1)
  A leopard gecko (D:3)
  7 orcs (D:3)
  7 bats
  3 giant cockroaches
  22 goblins
  10 hobgoblins
  3 jackals (D:2)
  A quokka (D:2)
  2 ball pythons (D:1)
  3 frilled lizards
  10 kobolds
  4 rats
93 creatures vanquished.

Notes
Turn   | Place    | Note
-------+----------+-------------------------------------------
     0 | D:1      | Peloso the Minotaur Fighter began the quest for the Orb.
     0 | D:1      | Reached XP level 1. HP: 19/19 MP: 0/0
   212 | D:1      | Reached XP level 2. HP: 27/27 MP: 1/1
   563 | D:1      | Reached XP level 3. HP: 33/33 MP: 2/2
   808 | D:2      | Found a bloodstained altar of Trog.
   808 | D:2      | Found a transporter.
   811 | D:2      | Noticed an orc warrior
   818 | D:2      | Found a transporter.
  1233 | D:2      | Reached XP level 4. HP: 20/40 MP: 3/3
  1522 | D:2      | Found an ornate altar of the Wu Jian Council.
  1555 | D:2      | Found a faded altar of an unknown god.
  1878 | D:2      | Noticed Robin
  1888 | D:2      | Killed Robin
  2223 | D:3      | Reached XP level 5. HP: 42/46 MP: 4/4
  2308 | D:3      | Noticed a sky beast
  2322 | D:3      | Killed a sky beast
  2322 | D:3      | Reached skill level 1 in Dodging
  2322 | D:3      | Reached skill level 5 in Shields
  2419 | D:3      | Noticed a sky beast
  2437 | D:3      | Killed a sky beast
  2437 | D:3      | Reached XP level 6. HP: 31/53 MP: 5/5
  2439 | D:3      | Reached skill level 5 in Armour
  2886 | D:3      | Reached skill level 5 in Long Blades
  3692 | D:3      | Gained mutation: Scrolls take you a little longer to read.
                  | [mutagenic glow]
  3798 | D:$      | Got out of the dungeon alive.

Illustrated notes

Levels and vault maps discovered:
D:1:      dpeg_arrival_pond, layout_basic, minmay_misc_feat_rows,
          minmay_tiny_reverse_x
D:2:      layout_loops_corners, marbit_many_paths,
          gammafunk_temple_overflow_arena,
          chequers_ecumenical_altar_simple_redux, uniq_robin
D:3:      layout_basic, first_ration

Skill      XL: |  1  2  3  4  5  6 |
---------------+-------------------+-----
Armour         | 4 5 |  5.1
Fighting       | 4 |  4.6
Shields        | 4 5 |  5.4
Long Blades    | 3 4 5 |  5.0
Dodging        | 1 |  1.7

Action                   |  1- 3 |  4- 6 || total
-------------------------+-------+-------++-------
Melee: Long sword        |   101 |   165 ||   266
       Headbutt          |    13 |    18 ||    31
  Use: Scroll            |     2 |       ||     2
       Potion            |     2 |     4 ||     6
  Eat: Chunk             |     1 |     7 ||     8
Armor: Scale mail        |    50 |    61 ||   111
Dodge: Dodged            |    25 |    47 ||    72
Block: Kite shield       |    69 |    93 ||   162
       Rpst.: Long sword |     6 |    10 ||    16
